 Dungeon Crawl Stone Soup version 0.20.1-1-g8b1a95d (webtiles) character file.

707 Monsterracer the Chopper (level 7, -8/64 HPs)
             Began as a Deep Dwarf Fighter on Oct 18, 2017.
             Mangled by Monsterracer's ghost (11 damage)
             ... on level 6 of the Dungeon.
             The game lasted 00:04:27 (2263 turns).

Monsterracer the Chopper (Deep Dwarf Fighter)       Turns: 2263, Time: 00:04:28

Health: -8/64      AC: 15    Str: 21    XL:     7   Next: 40%
Magic:  7/7        EV:  5    Int:  9    God:
Gold:   294        SH: 10    Dex: 12    Spells: 6/6 levels left

rFire    . . .     SeeInvis .   u - +1 hand axe (vamp)
rCold    . . .     Gourm    .   c - +0 shield
rNeg     . . .     Faith    .   v - +0 plate armour
rPois    .         Spirit   .   (no helmet)
rElec    .         Reflect  .   h - +2 cloak
rCorr    .         Harm     .   (no gloves)
MR       +....                  (no boots)
Stlth    ..........             (no amulet)
Regen    0.0/turn               (no ring)
MPRegen  0.1/turn               i - ring of wizardry

@: berserk cooldown, non-regenerating, slowed, very slow
A: damage resistance, heal wounds, sense surroundings 1, no regeneration
a: Heal Wounds


You were on level 6 of the Dungeon.
You were not hungry.

You visited 1 branch of the dungeon, and saw 6 of its levels.

You collected 294 gold pieces.

Inventory:

Hand Weapons
 b - a +0 spear of freezing
 u - a +1 vampiric hand axe (weapon)
Armour
 c - a +0 shield (worn)
 h - a +2 cloak (worn)
 v - a +0 plate armour (worn)
Jewellery
 i - a ring of wizardry (right hand)
Wands
 o - a wand of confusion (36/48)
Scrolls
 l - 3 scrolls of remove curse
 m - a scroll of teleportation
 r - a scroll of recharging
Potions
 a - a potion of ambrosia {unknown}
 e - 2 potions of flight
 j - a potion of heal wounds
 n - a potion of magic {unknown}
 p - a potion of resistance {unknown}
 s - a potion of brilliance {unknown}
 t - 2 potions of curing {unknown}
 w - a potion of haste {unknown}
Comestibles
 f - 3 bread rations
 g - 3 fruits
 q - a meat ration


   Skills:
 + Level 4.0 Fighting
 * Level 5.9 Axes
 + Level 5.0 Armour
 - Level 2.6 Dodging
 + Level 4.7 Shields


You had 6 spell levels left.
You didn't know any spells.

Dungeon Overview and Level Annotations

Branches:
Dungeon (6/15)
 Temple: D:4-7

Altars:
Cheibriados
Fedhas
Vehumet
Yredelemnul

Annotations:
D:6 Monsterracer's ghost, novice DDFi


Innate Abilities, Weirdness & Mutations

You are resistant to damage.
You can heal yourself by infusing magical energy.
You passively map a small area around you.
You do not regenerate.


Message History

Monsterracer's ghost closely misses you.
You hit Monsterracer's ghost.
Monsterracer's ghost is heavily damaged.
Monsterracer's ghost hits you.
* * * LOW HITPOINT WARNING * * *
You hit Monsterracer's ghost.
Monsterracer's ghost is heavily damaged.
You block Monsterracer's ghost's attack.
You closely miss Monsterracer's ghost.
Monsterracer's ghost is heavily damaged.
You block Monsterracer's ghost's attack.
Damage: -5%(-3hp) hp: 27%(17hp)
You hit Monsterracer's ghost but do no damage.
Monsterracer's ghost is heavily damaged.
You block Monsterracer's ghost's attack.
You slash Monsterracer's ghost!
Monsterracer's ghost is heavily damaged.
Monsterracer's ghost stares at you.
You block Monsterracer's ghost's attack.
You hit Monsterracer's ghost but do no damage.
Monsterracer's ghost is heavily damaged.
Monsterracer's ghost hits you but does no damage.
You block Monsterracer's ghost's attack.
You completely miss Monsterracer's ghost.
Monsterracer's ghost is heavily damaged.
Monsterracer's ghost hits you but does no damage.
You hit Monsterracer's ghost but do no damage.
Monsterracer's ghost is heavily damaged.
Monsterracer's ghost hits you!
* * * LOW HITPOINT WARNING * * *
Huge Dmg: -11%(-7hp) hp: 16%(10hp) Unknown command.
It was a potion of berserk rage.
A red film seems to cover your vision as you go berserk!
You feel yourself moving faster!
You feel mighty! Monsterracer's ghost hits you.
* * * LOW HITPOINT WARNING * * *
Unknown command.
You closely miss Monsterracer's ghost.
Monsterracer's ghost is heavily damaged.
Monsterracer's ghost hits you but does no damage.
You slash Monsterracer's ghost!
Monsterracer's ghost is severely damaged.
You hit Monsterracer's ghost.
Monsterracer's ghost is severely damaged.
Monsterracer's ghost barely misses you.
You hit Monsterracer's ghost but do no damage.
Monsterracer's ghost is severely damaged.
Monsterracer's ghost hits you.
* * * LOW HITPOINT WARNING * * *
Damage: -1%(-1hp) hp: 12%(11hp)
You closely miss Monsterracer's ghost.
Monsterracer's ghost is severely damaged.
Monsterracer's ghost hits you.
* * * LOW HITPOINT WARNING * * *
Huge Dmg: -5%(-5hp) hp: 7%(6hp)
You closely miss Monsterracer's ghost.
Monsterracer's ghost is severely damaged.
You slash Monsterracer's ghost!
Monsterracer's ghost is almost destroyed.
You block Monsterracer's ghost's attack.
You hit Monsterracer's ghost.
Monsterracer's ghost is almost destroyed.
Monsterracer's ghost hits you.
You closely miss Monsterracer's ghost.
Monsterracer's ghost is almost destroyed.
Monsterracer's ghost hits you but does no damage.
Your plate armour prevents you from hitting Monsterracer's ghost.
Monsterracer's ghost is almost destroyed.
Your plate armour prevents you from hitting Monsterracer's ghost.
Monsterracer's ghost is almost destroyed.
You block Monsterracer's ghost's attack.
Your plate armour prevents you from hitting Monsterracer's ghost.
Monsterracer's ghost is almost destroyed.
Monsterracer's ghost hits you but does no damage.
You hit Monsterracer's ghost but do no damage.
Monsterracer's ghost is almost destroyed.
You hit Monsterracer's ghost but do no damage.
Monsterracer's ghost is almost destroyed.
You are no longer berserk.
You are exhausted.
You feel yourself slow down. Monsterracer's ghost hits you.
* * * LOW HITPOINT WARNING * * *
Huge Dmg: -5%(-3hp) hp: 5%(3hp) Unknown command.
Your shield and plate armour prevent you from hitting Monsterracer's ghost.
Monsterracer's ghost is almost destroyed.
Monsterracer's ghost hits you but does no damage. x2
You hit Monsterracer's ghost but do no damage.
Monsterracer's ghost is almost destroyed.
Monsterracer's ghost hits you but does no damage.
You hit Monsterracer's ghost but do no damage.
Monsterracer's ghost is almost destroyed.
Monsterracer's ghost hits you but does no damage. x2
You hit Monsterracer's ghost.
Monsterracer's ghost is almost destroyed.
Monsterracer's ghost hits you but does no damage.
Monsterracer's ghost hits you!
You die...

....... ##. .......
###### ###.. , .......
#....#####.... .......
#.....##..<.#. .......##
#..........##.
........###........#####
..........#.......##
........#.........#
.......@#.........###
......W.#...........###
,........##....##......##
*
....#...##..#######.....
* #####...##..# ###...
##..##..# ###. * *
#..##..# * ## , ,
...##..#,,* * , .... ,


You could see Monsterracer's ghost.

Vanquished Creatures
  3 ice beasts
  A bullfrog (D:6)
  A water moccasin skeleton (D:6)
  A crimson imp (D:5)
  A hound (D:4)
  A jelly (D:6)
  An orc priest (D:6)
  An orc wizard (D:6)
  Ijyb (D:4)
  A worker ant (D:4)
  3 gnolls (D:3)
  3 adders
  A shadow imp (D:5)
  4 worms
  8 orcs
  3 bats
  A giant cockroach (D:2)
  3 goblins
  A hobgoblin (D:3)
  3 jackals (D:5)
  3 quokkas
  A frilled lizard (D:2)
  2 kobolds
  2 quokka skeletons (D:4)
  4 rats
54 creatures vanquished.

Notes
Turn   | Place    | Note
-------+----------+-------------------------------------------
     0 | D:1      | Monsterracer the Deep Dwarf Fighter began the quest for the Orb.
     0 | D:1      | Reached XP level 1. HP: 20/20 MP: 1/1
   132 | D:2      | Reached XP level 2. HP: 25/27 MP: 2/2
   148 | D:2      | Reached skill level 1 in Dodging
   238 | D:2      | Reached XP level 3. HP: 31/33 MP: 3/3
   354 | D:3      | Reached XP level 4. HP: 42/42 MP: 4/4
   429 | D:4      | You fall through a shaft for 2 floors!
   429 | D:6      | Noticed Monsterracer's ghost (novice DDFi)
   466 | D:5      | Entered Level 5 of the Dungeon
   747 | D:4      | Reached XP level 5. HP: 37/49 MP: 5/5
   771 | D:4      | Found a blossoming altar of Fedhas.
   958 | D:4      | Found a basalt altar of Yredelemnul.
  1136 | D:4      | Noticed Ijyb
  1136 | D:4      | Paralysed by Ijyb for 3 turns
  1142 | D:4      | Paralysed by Ijyb for 7 turns
  1160 | D:4      | Killed Ijyb
  1168 | D:4      | Found a radiant altar of Vehumet.
  1289 | D:5      | Noticed an ice beast
  1307 | D:5      | Killed an ice beast
  1307 | D:5      | Reached XP level 6. HP: 23/56 MP: 6/6
  1309 | D:5      | Found a snail-covered altar of Cheibriados.
  1367 | D:5      | Noticed an ice beast
  1377 | D:5      | Killed an ice beast
  1571 | D:5      | Reached skill level 5 in Axes
  1950 | D:6      | Noticed an ice beast
  1956 | D:6      | Reached XP level 7. HP: 48/63 MP: 7/7
  2064 | D:6      | Reached skill level 5 in Armour
  2259 | D:6      | HP: 3/64 [Monsterracer's ghost (1)]
  2263 | D:6      | Mangled by Monsterracer's ghost

Skill      XL: |  1  2  3  4  5  6  7 |
---------------+----------------------+-----
Dodging        | 1 2 |  2.6
Axes           | 3 4 5 |  5.9
Fighting       | 3 4 |  4.0
Armour         | 4 5 |  5.0
Shields        | 4 |  4.7

Action                   |  1- 3 |  4- 6 |  7- 9 || total
-------------------------+-------+-------+-------++-------
Melee: War axe           |    71 |   154 |     6 ||   231
       Trident           |       |     5 |       ||     5
       Hand axe          |       |       |    53 ||    53
 Abil: Heal Wounds       |     1 |     2 |       ||     3
  Use: Scroll            |       |    13 |     1 ||    14
       Potion            |       |     1 |     1 ||     2
  Eat: Chunk             |       |     2 |     1 ||     3
       Royal jelly       |       |     1 |       ||     1
       Bread ration      |       |       |     1 ||     1
Armor: Scale mail        |    36 |    75 |       ||   111
       Plate armour      |       |    16 |    26 ||    42
Dodge: Dodged            |    37 |    42 |    11 ||    90
Block: Shield            |    44 |    85 |    27 ||   156

Vault maps used:
D:1:      minmay_arrival_solitary_statue, minmay_nonomino_d4
D:3:      lemuel_round_altar, uniq_terence
D:4:      marbit_many_paths, kennysheep_little_box, fedhas_altar_3, uniq_ijyb
D:5:      cheibriados_altar_1, first_bread
D:6:      uniq_grinder
